AoeStats
← TGKnighty

Black Forest

503190959Analyzed
2v2 RM · 2mo ago on Aug 30, 2026· 49m 26s· 4 players
Game mode
Random Map
Map size
Medium (4 player)
Population
200
Speed
Normal
Resources
Standard
Victory
Conquest
Starting age
Dark Age
Ending age
Imperial Age
RankedLock teamsTeams togetherTeam positionsShared explorationLock speedFull tech treeHidden civsTurbo modeCheats
Victory
Defeat
🇬🇧 Japanese · United Kingdom
804
+17
🇬🇧 Saracens · United Kingdom
804
+17
vs
🇪🇸 Teutons · Spain
825
-17
🇪🇸 Goths · Spain
825
-17
Jalomass
9:51 Loom
12:25 Feudal Age
14:38 Double-Bit Axe
14:38 Horse Collar
17:29 Castle Age
18:23 Scale Barding Armor
18:29 Forging
18:11 Fletching
20:04 Husbandry
20:16 Bloodlines
20:28 Stone Mining
20:29 Gold Mining
21:36 Wheelbarrow
22:43 Bow Saw
23:24 Gold Shaft Mining
28:50 Town Watch
30:28 Heavy Plow
31:22 Iron Casting
35:06 Chain Barding Armor
38:41 Imperial Age
36:27 Hand Cart
38:19 Ballistics
37:40 Treadmill Crane
37:56 Murder Holes
38:24 Fortified Wall
38:41 Bodkin Arrow
40:39 Onager
41:51 Conscription
42:36 Elite Mameluke
45:03 Chemistry
44:11 Siege Engineers
45:09 Counterweights
50:03 Plate Barding Armor
TGKnighty
12:21 Feudal Age
13:27 Man-at-Arms
22:46 Scale Mail Armor
30:49 Castle Age
35:12 Pikeman
38:01 Arson
38:20 Squires
44:02 Imperial Age
46:59 Gold Mining
48:33 Kataparuto
pabloms8
1:21 Loom
13:14 Feudal Age
15:33 Man-at-Arms
19:34 Town Watch
20:46 Double-Bit Axe
24:26 Castle Age
26:45 Wheelbarrow
28:04 Bow Saw
29:17 Hand Cart
29:29 Horse Collar
29:43 Fletching
33:12 Stone Mining
35:21 Pikeman
36:03 Squires
37:22 Gold Mining
38:53 Scale Mail Armor
39:03 Forging
42:41 Imperial Age
40:41 Chain Mail Armor
41:02 Iron Casting
41:23 Stone Shaft Mining
41:39 Iron Casting
41:01 Bodkin Arrow
43:56 Conscription
43:37 Perfusion
46:04 Blast Furnace
46:17 Halberdier
perrusco
0:47 Loom
13:11 Feudal Age
18:23 Castle Age
21:53 Bloodlines
23:56 Scale Barding Armor
24:03 Forging
27:14 Horse Collar
27:21 Double-Bit Axe
34:29 Wheelbarrow
39:04 Imperial Age
36:25 Town Watch
37:04 Chain Barding Armor
37:19 Iron Casting
37:31 Fortified Wall
38:56 Ironclad
41:28 Chemistry
39:58 Cavalier
40:31 Heavy Scorpion
42:34 Plate Barding Armor
42:59 Blast Furnace
43:25 Paladin
45:35 Conscription
Connection lost

Rejoining the realm…

Still unreachable

The connection could not be restored.

Session expired

The server has moved on; the page needs a fresh start.